 Dungeon Crawl Stone Soup version 0.32-a0-576-g706899e69d (webtiles) character file.

Game seed: 5150695423118862047

1108 cforsyth the Reanimator (level 8, -1/109 HPs)
             Began as a Mountain Dwarf Necromancer on Mar 2, 2024.
             Slain by a troll (8 damage)
             ... on level 5 of the Dungeon.
             The game lasted 00:11:16 (6430 turns).

cforsyth the Reanimator (MDNe)                      Turns: 6430, Time: 00:11:17

Health: -1/109     AC: 10    Str: 10    XL:     8   Next: 11%
Magic:  5/10       EV: 11    Int: 19    God:
Gold:   177        SH:  0    Dex: 10    Spells: 5/10 levels left

rFire   . . .        j - +2 short sword (protect)
rCold   . . .        (no shield)
rNeg    . . .        a - +0 robe
rPois   .            (no helmet)
rElec   .            (no cloak)
rCorr   .            m - +0 pair of gloves
SInv    .            (no boots)
Will    .....        (no amulet) Stlth
                     (no ring)
HPRegen 0.38/turn    (no ring)
MPRegen 0.12/turn

%: no passive effects
@: berserking, under a protective aura, very quick
A: runic magic, artefact enchanting
a: no special abilities


You were on level 5 of the Dungeon.
You visited 2 branches of the dungeon, and saw 6 of its levels.

You collected 177 gold pieces.


Innate Abilities, Weirdness & Mutations

Your spellcasting is much less encumbered by armour.
You can use scrolls of enchantment on lesser artefacts.


   Skills:
 + Level 7.2 Fighting
 - Level 1.3 Dodging
 - Level 1.4 Stealth
 - Level 1.7 Spellcasting
 + Level 8.6 Necromancy


You had 5 spell levels left.
You knew the following spells:

 Your Spells              Type           Power      Damage    Failure   Level
a - Animate Dead          Necr           34%        N/A       4%          4
X - Necrotise             Necr           100%       1d9       1%          1

Your spell library contained the following spells:

 Spells                   Type           Power      Damage    Failure   Level
 Vampiric Draining        Necr           34%        2d8       1%          3
 Curse of Agony           Necr           34%        N/A       14%         5
 Jinxbite                 Hex            2%         N/A       26%         2
 Dazzling Flash           Conj/Hex       2%         N/A       45%         3
 Mephitic Cloud           Conj/Alch/Air  1%         N/A       45%         3
 Silence                  Hex/Air        0%         N/A       99%         5
 Yara's Violent Unravell  Hex/Alch       0%         3d3       99%         5
 Enfeeble                 Hex            0%         N/A       100%        7

Inventory:

Hand Weapons
 g - a +1 vampiric dagger
 j - a +2 short sword of protection (weapon)
Armour
 a - a +0 robe (worn)
 m - a +0 pair of gloves (worn)
Magical Staves
 c - a staff of air {!a}
 k - a staff of alchemy {!a}
Scrolls
 d - a scroll of teleportation {unknown}
 f - 2 scrolls of enchant weapon {unknown}
 h - a scroll of fog {unknown}
 i - 4 scrolls of amnesia
 l - a scroll of silence {unknown}
 q - a scroll of identify {@r1}
Potions
 b - a potion of magic
 e - a potion of haste {@q3}
 n - 2 potions of attraction
 p - 2 potions of curing {@q1}

Dungeon Overview and Level Annotations

Branches:
Dungeon (5/15)             Temple (1/1) D:5

Altars:
Ashenzari
Dithmenos
Elyvilon
Fedhas
Gozag
Hepliaklqana
Makhleb
Nemelex Xobeh
Okawaru
Qazlal
Ru
Sif Muna
Trog
Uskayaw
Vehumet
Wu Jian
Yredelemnul
Zin
The Shining One

Annotations:
D:3 exclusion: oklob plant

#.#
#.###.#.##........###
#.# #.#
#.#.##.##......!.
##.####.#
#.#.......##..###
......#.###.#.......# .#
##..#...))..#.......##..
...........##...........
##...▒.....##.......####
....▒▒▒.▒..##...)Z..#
....▒▒▒..▒▒.#...@T..#
.##..▒▒...▒▒..##.##.#
.###.▒▒....▒▒.##....#
[##..▒..>.▒▒▒.##....#
.##.▒.....▒▒▒.##....#
.##...▒▒...▒..###:#.#
.##..▒▒▒▒....## .#..
.##.▒▒▒▒..#.## .# ##
.#..▒.........


You could see a troll (ally target) and a friendly rat skeleton.


Message History

The troll bites you but does no damage. The troll barely misses you.
The troll claws you!
* * * LOW HITPOINT WARNING * * *
Your rat skeleton closely misses the troll.
You barely miss the troll.
The troll is lightly wounded.
The troll bites you.
* * * LOW HITPOINT WARNING * * *
The troll closely misses you. The troll claws you.
* * * LOW HITPOINT WARNING * * *
You puncture the troll!
The troll is moderately wounded.
Your rat skeleton bites the troll but does no damage.
The troll bites you!
* * * LOW HITPOINT WARNING * * *
The troll misses you. The troll claws you.
* * * LOW HITPOINT WARNING * * *
You hit the troll.
The troll is moderately wounded.
You puncture the troll!
The troll is heavily wounded.
The troll bites you but does no damage. The troll barely misses you.
The troll claws you but does no damage.
Your rat skeleton barely misses the troll.
You hit the troll.
The troll is severely wounded.
The troll bites you but does no damage. The troll claws you.
* * * LOW HITPOINT WARNING * * *
The troll claws you!
You die...

Skill      XL: |  1  2  3  4  5  6  7 |
---------------+----------------------+-----
Fighting       | 1 2 4 5 7 |  7.2
Necromancy     | 5 6 7 8 |  8.6
Dodging        | |  1.3
Stealth        | |  1.4
Spellcasting   | |  1.7

Action                     |  1- 3 |  4- 6 |  7- 9 || total
---------------------------+-------+-------+-------++-------
  Melee: Unarmed           |     6 |       |       ||     6
         Short sword       |    25 |   106 |    47 ||   178
         Dagger            |     4 |       |       ||     4
   Cast: Necrotise         |    70 |    46 |    80 ||   196
         Animate Dead      |       |       |     1 ||     1
    Use: Potion            |       |     2 |     3 ||     5
         Scroll            |       |       |     5 ||     5
 Armour: Robe              |     9 |    75 |    97 ||   181
         Skin              |    18 |    10 |       ||    28
  Dodge: Dodged            |    18 |    60 |    50 ||   128

Levels and vault maps discovered:
D:1:      tarquinn_simple_flora_water_b, layout_basic, serial_bayou_ford_a
D:2:      minmay_spotlight, layout_basic, ebering_ecumenical_altar_ruins
D:3:      layout_basic, tgw_fedhas, serial_bayou_crossing, uniq_grinder,
          uniq_pargi, uniq_sigmund
D:4:      layout_rooms, hangedman_abyss_or_decor_lesser_grid
D:5:      lemuel_ratsnest, layout_loops_ring, minmay_temple_entry_wispy,
          uniq_prince_ribbit1
Temple:   mainiacjoe_temple_bowtie_tessellation

Notes
Turn   | Place    | Note
-------+----------+-------------------------------------------
     0 | D:1      | cforsyth the Mountain Dwarf Necromancer began the quest for
                  | the Orb.
     0 | D:1      | Reached XP level 1. HP: 14/14 MP: 3/3
   144 | D:1      | Reached skill level 1 in Fighting
   189 | D:1      | Reached XP level 2. HP: 23/23 MP: 1/4
   954 | D:1      | Reached skill level 2 in Fighting
   954 | D:1      | Reached skill level 5 in Necromancy
   954 | D:1      | Reached XP level 3. HP: 26/29 MP: 1/5
  1789 | D:2      | Reached XP level 4. HP: 34/37 MP: 0/6
  2023 | D:2      | Found a faded altar of an unknown god.
  2034 | D:2      | Reached skill level 3 in Fighting
  2569 | D:3      | Noticed Pargi
  2706 | D:3      | Noticed Grinder
  2726 | D:3      | Paralysed by Grinder for 3 turns
  2742 | D:3      | HP: 3/38 [Grinder/nerve-wracking pain (9)]
  2747 | D:3      | Paralysed by Grinder for 2 turns
  2754 | D:3      | Paralysed by Grinder for 4 turns
  2907 | D:3      | Paralysed by Grinder for 5 turns
  2922 | D:3      | Killed Grinder
  2923 | D:3      | Reached skill level 4 in Fighting
  2923 | D:3      | Reached skill level 6 in Necromancy
  2923 | D:3      | Reached XP level 5. HP: 12/47 MP: 7/7
  2923 | D:3      | Reached XP level 6. HP: 14/53 MP: 8/8
  3630 | D:3      | Found a blossoming altar of Fedhas.
  3669 | D:3      | Killed Pargi
  3670 | D:3      | Reached skill level 5 in Fighting
  3728 | D:3      | Noticed Sigmund
  3792 | D:3      | Learned a level 4 spell: Animate Dead
  4042 | D:3      | Killed Sigmund
  4043 | D:3      | Reached skill level 7 in Necromancy
  4043 | D:3      | Reached XP level 7. HP: 34/62 MP: 1/9
  4176 | D:3      | Noticed an oklob plant
  5058 | D:4      | Reached skill level 6 in Fighting
  5384 | D:4      | Reached skill level 8 in Necromancy
  5847 | D:5      | Entered Level 5 of the Dungeon
  5852 | D:5      | Noticed Prince Ribbit
  5866 | D:5      | Killed Prince Ribbit
  5867 | D:5      | Reached skill level 7 in Fighting
  5867 | D:5      | Reached XP level 8. HP: 8/73 MP: 1/10
  6229 | D:5      | Found a staircase to the Ecumenical Temple.
  6273 | Temple   | Entered the Ecumenical Temple
  6415 | D:5      | Noticed a troll
  6430 | D:5      | HP: 7/109 [troll (6)]
  6430 | D:5      | Slain by a troll

Vanquished Creatures
  Grinder (D:3)
  Sigmund (D:3)
  Prince Ribbit (D:5)
  A black bear (D:4)
  Pargi (D:3)
  A scorpion (D:4)
  A hound (D:5)
  2 orc priests (D:4)
  A jelly (D:5)
  A sleepcap (D:4)
  An orc wizard (D:4)
  5 adders
  3 ribbon worms
  2 dart slugs
  10 orcs
  5 ball pythons
  8 bats
  8 endoplasms
  6 giant cockroaches
  3 goblins (D:1)
  9 hobgoblins
  4 jackals (D:1)
  11 kobolds
  3 quokkas
  4 frilled lizards
  5 rats
98 creatures vanquished.

Vanquished Creatures (collateral kills)
  2 goblins (D:2)
  A hobgoblin (D:1)
  A rat (D:2)
4 creatures vanquished.

Vanquished Creatures (others)
  An endoplasm zombie (D:4)
1 creature vanquished.

Grand Total: 103 creatures vanquished

Table legend: (Time is in decaauts)
 A = Elapsed time spent in this place.
 B = Non-inter-level travel time spent in this place.
 C = Inter-level travel time spent in this place.
 D = Time resting spent in this place.
 E = Time spent auto-exploring this place.
 F = Levels seen in this place.
 G = Mean time per level.
                   A        B        C        D        E       F      G
               +--------+--------+--------+--------+--------+-----+--------+
         Total |   6432 |   6308 |    124 |    607 |   4702 |   6 | 1072.0 |
       Dungeon |   6419 |   6296 |    123 |    607 |   4691 |   5 | 1283.8 |
        Temple |     12 |     11 |      1 |      0 |     11 |   1 |   12.0 |
               +--------+--------+--------+--------+--------+-----+--------+

Top non-repeatable levels by time:
     D:3: 2147 daAuts
     D:2: 1370 daAuts
     D:1: 1287 daAuts
     D:4: 1045 daAuts
     D:5: 569 daAuts
  Temple: 12 daAuts

Table legend:
 A = Non-vault XP
 B = Vault XP
 C = Vault XP percentage of total XP
 D = Non-vault monster count
 E = Vault monster count
 F = Vault count percentage of total count
                 A         B        C        D         E       F
            +---------+---------+-------+---------+---------+-------
      Total |     671 |     913 |  57.6 |      92 |      10 |   9.8
            +---------+---------+-------+---------+---------+-------
        D:1 |      53 |       0 |   0.0 |      29 |       0 |   0.0
        D:2 |      70 |      16 |  18.6 |      24 |       3 |  11.1
        D:3 |      43 |     646 |  93.8 |      16 |       3 |  15.8
        D:4 |     405 |       0 |   0.0 |      15 |       0 |   0.0
        D:5 |     100 |     251 |  71.5 |       8 |       4 |  33.3
            +---------+---------+-------+---------+---------+-------
